 Dungeon Crawl Stone Soup version 0.27-a0-1191-g601b473118 (webtiles) character file.

Game seed: 3305528136136138479

0 polve the Skirmisher (level 1, -6/18 HPs)
             Began as a Demonspawn Abyssal Knight on May 23, 2021.
             Was a Follower of Lugonu.
             Mangled by a tentacled starspawn (10 damage)
             ... on level 1 of the Abyss.
             The game lasted 00:00:09 (75 turns).

polve the Skirmisher (Demonspawn Abyssal Knight)      Turns: 75, Time: 00:00:10

Health: -6/18      AC:  3    Str: 12    XL:     1   Next: 0%
Magic:  2/2        EV: 11    Int: 13    God:    Lugonu [*.....]
Gold:   0          SH:  0    Dex: 12    Spells: 0/0 levels left

rFire    . . .     SeeInvis .   a - +1 short sword
rCold    . . .     Faith    .   (no shield)
rNeg     . . .     Spirit   .   b - +0 leather armour
rPois    .         Reflect  .   (no helmet)
rElec    .         Harm     .   (no cloak)
rCorr    .         Rampage  .   (no gloves)
Will     .....                  (no boots)
Stlth    +.........             (no amulet)
HPRegen  0.06/turn              (no ring)
MPRegen  0.08/turn              (no ring)

@: no status effects
A: no striking features
a: Renounce Religion, Depart the Abyss


You were on level 1 of the Abyss.
You worshipped Lugonu.
Lugonu was aware of your devotion.
You visited 0 branches of the dungeon, and saw 0 of its levels.
You visited the Abyss 1 time.

Inventory:

Hand Weapons
 a - a +1 short sword (weapon)
Armour
 b - a +0 leather armour (worn)


   Skills:
 - Level 3.0 Fighting
 + Level 1.7 Short Blades
 - Level 1.7 Armour
 - Level 0.8 Dodging
 - Level 2.4 Invocations


You couldn't memorise any spells.
You didn't know any spells.
Your spell library was empty.

Dungeon Overview and Level Annotations

Branches:
Dungeon (0/15)

Altars:


Message History

Welcome, polve the Demonspawn Abyssal Knight.
It is said that the Orb of Zot exists deep within this dungeon.
Lugonu says: Depart the Abyss and spread corruption, my servant! (use the ability menu to exit the Abyss) Press ? for a list of commands and other information.
Found a corrupted altar of Lugonu.
A tentacled starspawn comes into view.
A tentacled starspawn is nearby!
A tentacled starspawn is nearby!
A tentacled starspawn is nearby!
Unknown command.
A tentacled starspawn is nearby!
A tentacled starspawn is nearby!
A tentacled starspawn is nearby!
A tentacle flies out from the starspawn's body!
A starspawn tentacle comes into view.
There are monsters nearby!
There are monsters nearby!
There are monsters nearby!
A starspawn tentacle comes into view.
The starspawn tentacle closely misses you.
You hit the starspawn tentacle but do no damage.
The starspawn tentacle misses you.
You hit the starspawn tentacle.
The starspawn tentacle is moderately damaged.
The starspawn tentacle grabs you. The starspawn tentacle constricts you.
You hit the starspawn tentacle but do no damage.
The starspawn tentacle loses its grip on you.
The tentacle pulls you backwards!
Found a gateway leading out of the Abyss.
The tentacled starspawn bites you!
Ouch! That really hurt!
* * * LOW HITPOINT WARNING * * *
The tentacled starspawn tentacle-slaps you!
Ouch! That really hurt!
You die...

. # # ## .. # # ##.###.
..##. ### .. #.##...#
#.#.# .∩##.# # .. #..
....##. .. ###....# .
#...#.###.##... #. ##
#..##..##..##..##..##. #
........................
.......@................
#..##.X##..##..##..##..#
#.. #..##..##. ##..#
..............._....
.....V.......... ... .
..#.....#.....#.....#...
. ..................
................... .. .
. ...


You could see a tentacled starspawn.

Vanquished Creatures (others)
  2 starspawn tentacles (Abyss:1)
2 creatures vanquished.

Notes
Turn   | Place    | Note
-------+----------+-------------------------------------------
     0 | Abyss:1  | polve the Demonspawn Abyssal Knight began the quest for the
                  | Orb.
     0 | Abyss:1  | Reached XP level 1. HP: 18/18 MP: 2/2
     8 | Abyss:1  | Noticed a tentacled starspawn
    75 | Abyss:1  | Mangled by a tentacled starspawn

Illustrated notes

Levels and vault maps discovered:
Abyss:1:  base: Temple, base:
Temple

Action                   || total
-------------------------++-------
Melee: Short sword       ||     3
Dodge: Dodged            ||     2

Table legend: (Time is in decaauts)
 A = Elapsed time spent in this place.
 B = Non-inter-level travel time spent in this place.
 C = Inter-level travel time spent in this place.
 D = Time resting spent in this place.
 E = Time spent auto-exploring this place.
 F = Levels seen in this place.
 G = Mean time per level.
                   A        B        C        D        E       F      G
               +--------+--------+--------+--------+--------+-----+--------+
         Total |     75 |     75 |      0 |      0 |     59 |   1 |   75.0 |
         Abyss |     75 |     75 |      0 |      0 |     59 |   1 |   75.0 |
               +--------+--------+--------+--------+--------+-----+--------+

Top non-repeatable levels by time:
 Abyss:1: 75 daAuts
